 Dungeon Crawl Stone Soup version 0.31.0-1-g2c135a0 (webtiles) character file.

Game seed: 5842783837954885756

868 edsrzf the Fighter (level 8, -11/89 HPs)
             Began as an Oni Brigand on Jan 30, 2024.
             Was a Priest of Wu Jian.
             Mangled by a hornet (12 damage)
             ... while paralysed by a hornet
             ... on level 5 of the Dungeon.
             The game lasted 00:12:00 (3244 turns).

edsrzf the Fighter (Oni Brigand)                    Turns: 3244, Time: 00:12:01

Health: -11/89     AC:  8    Str: 16    XL:     8   Next: 3%
Magic:  8/8        EV:  1    Int: 12    God:    Wu Jian [***...]
Gold:   320        SH:  0    Dex: 10    Spells: 7/7 levels left

rFire   . . .        b - +1 dagger (venom)
rCold   . . .        (no shield)
rNeg    . . .        p - +0 robe
rPois   .            (helmet restricted)
rElec   .            c - +0 cloak
rCorr   .            (gloves unavailable)
SInv    .            (boots unavailable)
Will    .....        (no amulet)
Stlth   ++           w - +4 ring of protection
HPRegen 1.14/turn    (no ring)
MPRegen 0.11/turn

%: clarity
@: paralysed, lethally poisoned (-11 -> -16), slowed
A: large, unfitting armour, horns 1, tough skin 1, double potion healing,
drunken brawling, clarity, regeneration 1, screaming 1, weak 1
a: Renounce Religion, Wall Jump, Serpent's Lash


You were on level 5 of the Dungeon.
You worshipped Wu Jian.
Wu Jian was most pleased with you.
You visited 1 branch of the dungeon, and saw 5 of its levels.
You also visited: Sewer.

You collected 320 gold pieces.

Inventory:

Hand Weapons
 a - a +1 rapier of electrocution
 b - a +1 dagger of venom (weapon)
 t - a +2 dagger
Missiles
 d - 8 poisoned darts (quivered)
 e - 3 curare-tipped darts
 f - 51 stones
Armour
 c - a +0 cloak (worn)
 p - a +0 robe (worn)
Jewellery
 w - a +4 ring of protection (left hand)
Wands
 q - a wand of charming (8)
Scrolls
 g - 2 scrolls of noise
 i - a scroll of fog {unknown}
 j - a scroll of enchant armour {unknown}
 l - a scroll of torment {unknown}
 m - a scroll of blinking {unknown}
 n - a scroll of butterflies
 o - a scroll of identify {@r1}
 s - 3 scrolls of immolation {unknown}
 u - a scroll of brand weapon {unknown}
 v - 2 scrolls of revelation {unknown}
Potions
 h - 2 potions of mutation {!q}
 k - a potion of brilliance
 r - 2 potions of magic
 x - a potion of enlightenment {unknown}


   Skills:
 + Level 8.5 Fighting
 - Level 1.7 Short Blades
 + Level 6.5 Throwing
 - Level 0.8 Dodging
 - Level 2.9 Stealth


You had 7 spell levels left.
You didn't know any spells.
Your spell library contained the following spells:

 Spells                   Type           Power      Damage    Failure   Level
 Ensorcelled Hibernation  Hex/Ice        0%         N/A       45%         2
 Fugue of the Fallen      Necr           0%         N/A       69%         3
 Anguish                  Hex/Necr       0%         N/A       97%         4


Dungeon Overview and Level Annotations

Branches:
Dungeon (5/15)              Sewer (visited)
 Temple: D:4-7

Altars:
Kikubaaqudgha
Ru
Wu Jian
Xom

Shops:
D:2 (

Annotations:
D:5 Edmund


Innate Abilities, Weirdness & Mutations

You are too large for most types of armour.
You have a pair of small horns on your head.
You have tough skin. (AC +1)
You gain doubled healing and magic from potions.
Whenever you drink a healing potion, you attack all around you.
You possess an exceptional clarity of mind.
Your natural rate of healing is unusually fast.
You occasionally shout uncontrollably at your foes.
You are weak. (Str -2)


Message History

You hit the ogre but do no damage.
The ogre looks as sick as possible!
The ogre is moderately wounded.
The ogre misses you. The ogre attacks as it pursues you!
The ogre hits you with a +0 giant club!
You barely miss the ogre. You headbutt the ogre!
The ogre is severely wounded.
You hit the ogre but do no damage.
The ogre looks as sick as possible!
The ogre is almost dead.
You kill the ogre!
The Council accepts your kill.
The orc shouts!
You hear a shout!
You barely miss the orc. You headbutt the orc.
The orc is severely wounded.
The orc hits you but does no damage.
You hit the orc.
You kill the orc!
The Council accepts your kill.
You lunge at the orc.
You closely miss the orc.
The orc shouts!
A hornet comes into view.
The orc hits you with a +0 club.
You see here a +0 falchion.
The hornet buzzes angrily.
You hit the orc.
The orc is poisoned.
The orc is severely wounded.
The orc barely misses you.
You closely miss the orc. Your headbutt misses the orc.
The orc hits you but does no damage.
A hound comes into view.
The orc barely misses you.
The hound barks!
You hit the orc.
The orc is poisoned.
The orc is heavily wounded.
You hear a shout!
The orc hits you with a +0 club.
You barely miss the orc.
The orc is almost dead.
You kill the orc!
The Council accepts your kill. The orc closely misses you.
You barely miss the orc.
The orc is severely wounded.
The orc hits you but does no damage. x2
The hound barely misses you.
You hit the hound.
The hound is poisoned.
You headbutt the hound.
The hound is moderately wounded.
The hound bites you but does no damage.
You hit the hound.
The hound looks as sick as possible!
You headbutt the hound.
The hound is heavily wounded.
You kill the orc!
The Council accepts your kill. The hound bites you. The orc closely misses you.
You hit the hound.
The hound is almost dead.
The hound bites you but does no damage. The orc barely misses you.
The hound bites you but does no damage.
You barely miss the orc. You headbutt the orc.
The orc is lightly wounded.
You kill the hound!
The Council accepts your kill. The orc hits you but does no damage.
You have reached level 8!
Unknown command.
Edmund says, "Everyone always remembers my brother. 'Who's Edmund?' they ask!"
You lunge at Edmund.
You barely miss Edmund. Edmund hits you with a +2 heavy flail!
You barely miss Edmund. You headbutt Edmund, but do no damage.
You barely miss Edmund. Your headbutt misses Edmund. The hornet stings you!
You feel yourself slow down. Edmund hits you with a +2 heavy flail!
You spin and attack Edmund.
You hit Edmund but do no damage.
Edmund is poisoned.
You spin and attack the hornet.
You closely miss the hornet. The hornet closely misses you.
The hornet barely misses you. Edmund hits you with a +2 heavy flail!
* * * LOW HITPOINT WARNING * * *
You feel yourself speed up. The hornet attacks as it pursues you!
The hornet stings you.
* * * LOW HITPOINT WARNING * * *
You feel yourself slow down. The hornet stings you.
* * * LOW HITPOINT WARNING * * *
You are poisoned.
You feel as though you will be slow longer.
The hornet closely misses you.
Okay, then.
Okay, then.
Okay, then.
Aiming: Charm
Press: ? - help, Shift-Dir - straight line, f - hornet
Aim: a hornet (chance to affect: 39%)
The hornet resists with some effort.
You feel very sick. The hornet stings you!
* * * LOW HITPOINT WARNING * * *
You suddenly lose the ability to move!
The hornet stings you.
* * * LOW HITPOINT WARNING * * *
You are lethally poisoned!
You shrug off the repeated paralysis!
* * * LOW HITPOINT WARNING * * *
You feel very sick. The hornet stings you!
You die...

### #... #..###
#....# #######
####.##@# #.....#
......#y####.....#
#...@o)##.....# .
##...#w)w.....# ..
####..###).....#...
@.......##..?.....#
.........[.........
######.....w!....#
##<....^..#...#


You could see Edmund (poisoned), a hornet, a dart slug and an orc.

Vanquished Creatures
  Eustachio (D:4)
  A crocodile (Sewer)
  An ogre (D:5)
  A scorpion (D:5)
  A hound (D:5)
  A jelly (D:5)
  An orc priest (D:3)
  Crazy Yiuf (D:3)
  An iguana (D:4)
  5 orc wizards
  10 gnolls
  3 adders
  3 dart slugs
  A ribbon worm (D:4)
  21 orcs
  7 bats
  5 endoplasms
  6 giant cockroaches
  2 hobgoblins
  13 jackals
  4 quokkas
  7 ball pythons
  3 frilled lizards
  5 goblins
  10 kobolds
  10 rats
124 creatures vanquished.

Vanquished Creatures (others)
  A human (D:3)
1 creature vanquished.

Grand Total: 125 creatures vanquished

Notes
Turn   | Place    | Note
-------+----------+-------------------------------------------
     0 | D:1      | edsrzf the Oni Brigand began the quest for the Orb.
     0 | D:1      | Reached XP level 1. HP: 22/22 MP: 1/1
   182 | D:1      | Reached skill level 3 in Fighting
   230 | D:1      | Reached XP level 2. HP: 28/31 MP: 2/2
   482 | D:1      | Reached XP level 3. HP: 33/39 MP: 3/3
   605 | D:1      | Found a faded altar of an unknown god.
   614 | D:1      | Prayed at the altar of an unknown god.
   614 | D:1      | Became a worshipper of the Wu Jian Council
   614 | D:1      | Reached * piety under Wu Jian
   722 | D:1      | Reached skill level 4 in Fighting
   799 | D:1      | Reached skill level 3 in Throwing
   955 | D:2      | Found a shimmering altar of Xom.
  1165 | D:2      | Reached XP level 4. HP: 49/49 MP: 4/4
  1209 | D:2      | Noticed a +0 giant club
  1211 | D:2      | Found Neano's Weapon Shoppe.
  1225 | D:2      | Noticed a +0 lajatang
  1286 | D:2      | Reached ** piety under Wu Jian
  1660 | D:3      | Found an ancient bone altar of Kikubaaqudgha.
  1660 | D:3      | Noticed a human
  1664 | D:3      | Killed a human
  1691 | D:3      | Identified 3 scrolls of noise
  1697 | D:3      | Identified 2 potions of mutation
  1697 | D:3      | Gained mutation: You occasionally shout uncontrollably at
                  | your foes. [potion of mutation]
  1697 | D:3      | Gained mutation: Your natural rate of healing is unusually
                  | fast. [potion of mutation]
  1697 | D:3      | Gained mutation: You are weak. (Str -2) [potion of
                  | mutation]
  1697 | D:3      | Gained mutation: You possess an exceptional clarity of
                  | mind. [potion of mutation]
  1698 | D:3      | Identified 2 potions of brilliance
  1804 | D:3      | Reached skill level 5 in Fighting
  1804 | D:3      | Reached XP level 5. HP: 45/57 MP: 5/5
  1826 | D:3      | Reached skill level 4 in Throwing
  1906 | D:3      | Reached XP level 6. HP: 24/67 MP: 6/6
  1960 | D:3      | Found a sacrificial altar of Ru.
  1999 | D:3      | Found a runed translucent door.
  2000 | D:3      | Noticed Crazy Yiuf
  2011 | D:3      | Killed Crazy Yiuf
  2012 | D:3      | Reached skill level 6 in Fighting
  2261 | D:3      | Identified 4 scrolls of identify
  2261 | D:3      | Identified a scroll of butterflies
  2440 | D:4      | Identified a scroll of fear
  2466 | D:4      | Noticed a water moccasin
  2474 | D:4      | Found a glowing drain.
  2491 | Sewer    | Entered a sewer
  2517 | Sewer    | Reached *** piety under Wu Jian
  2581 | Sewer    | Reached skill level 5 in Throwing
  2667 | D:4      | Identified a potion of cancellation
  2668 | D:4      | Identified a potion of invisibility
  2669 | D:4      | Identified a potion of attraction
  2744 | D:4      | Identified 2 potions of magic
  2769 | D:4      | Noticed Eustachio
  2781 | D:4      | Killed Eustachio
  2782 | D:4      | Reached skill level 7 in Fighting
  2782 | D:4      | Reached XP level 7. HP: 70/78 MP: 7/7
  3131 | D:5      | Entered Level 5 of the Dungeon
  3140 | D:5      | Reached skill level 6 in Throwing
  3141 | D:5      | Reached skill level 8 in Fighting
  3199 | D:5      | Noticed Edmund
  3226 | D:5      | Noticed a hornet
  3237 | D:5      | Reached XP level 8. HP: 62/89 MP: 8/8
  3243 | D:5      | Paralysed by a hornet for 3 turns
  3243 | D:5      | HP: 3/89 [hornet (3)]
  3244 | D:5      | HP: 1/89 [poisoned by a hornet]
  3244 | D:5      | Mangled by a hornet

Illustrated notes

Levels and vault maps discovered:
D:1:      mrwooster_arrival_statue_2, layout_basic, basic_ecumenical_altar
D:2:      layout_rooms, basic_altar, serial_shops, nicolae_shop_mannequins,
          st_stairs_1, columned_hall_lemuel, kennysheep_generic_room_3
D:3:      cheibrodos_pilgrimage, layout_basic, nicolae_ru_awakened_eye,
          tgw_kikubaaqudgha, uniq_crazy_yiuf_cottage
D:4:      layout_rooms, gup_sewer_entry_glass, uniq_eustachio
D:5:      layout_rooms, uniq_edmund, uniq_grinder

Skill      XL: |  1  2  3  4  5  6  7 |
---------------+----------------------+-----
Fighting       | 3 4 5 7 8 |  8.5
Throwing       | 3 4 5 6 |  6.5
Short Blades   | |  1.7
Dodging        | |  0.8
Stealth        | |  2.9

Action                     |  1- 3 |  4- 6 |  7- 9 || total
---------------------------+-------+-------+-------++-------
  Melee: Dagger            |   124 |   195 |   120 ||   439
         Headbutt          |    17 |    41 |    25 ||    83
         Punch             |     2 |     1 |       ||     3
  Throw: Dart              |     2 |    12 |       ||    14
 Invoke: Serpent's Lash    |       |     1 |       ||     1
Ability: Lunge             |     4 |    13 |     9 ||    26
         Whirlwind         |     4 |     7 |    10 ||    21
  Evoke: Wand              |       |       |     1 ||     1
    Use: Potion            |       |     5 |       ||     5
         Scroll            |       |     5 |       ||     5
   Stab: Sleeping          |     5 |     1 |     1 ||     7
 Armour: Robe              |    73 |   130 |    89 ||   292
  Dodge: Dodged            |    58 |    80 |    41 ||   179
